Map: Winter's Gate LE

Players

PattyMac

  • Race: Protoss Protoss
  • League: Master
  • Spawn Location: 11:00

PiG - Winner!

  • Race: Zerg Zerg
  • League: Master
  • Spawn Location: 5:00

VOD

Have the link to the VOD?

Description

Time

  • Played on: Aug. 20, 2019, 4:52 p.m.
  • Length: 19:10
Show
View Real Time Build Order
Export as new Build Order

PattyMac Protoss 

Build Orders: 1 Gate Expand, Oracle Opening, Archon Immortal, Archon Drop 

Get SALT Encoding   

  12  0:00  Probe  
  13  0:12  Probe  
  14  0:20  Pylon  
  14  0:24  Probe  
  15  0:34  Probe  
  15  0:38  Gateway  
  15  0:42  Probe  
  16  0:47  Assimilator  
  17  0:52  Probe  
  18  1:05  Probe  
  19  1:17  Probe  
  20  1:23  Nexus  
  20  1:36  Cybernetics Core  
  20  1:37  Probe  
  21  1:43  Assimilator  
  21  1:49  Probe  
  21  1:51  Pylon  
  22  2:02  Probe  
  22  2:03  Adept  
  23  2:14  Probe  
  26  2:23  Stargate, Stalker  
  26  2:26  Probe  
  27  2:32  Probe  
  30  2:37  Warp Gate  
  30  2:38  Probe  
  30  2:40  Probe  
  32  2:50  Probe x2  
  34  3:02  Probe x2  
  36  3:08  Gateway  
  36  3:14  Probe x2  
  36  3:15  Pylon  
  38  3:25  Probe  
  38  3:27  Oracle, Probe  
  39  3:33  Probe  
  42  3:39  Probe  
  44  3:41  Probe  
  44  3:43  Robotics Facility  
  45  3:49  Assimilator  
  45  3:51  Probe, Assimilator  
  45  3:53  Probe  
  47  3:56  Twilight Council  
  47  4:03  Probe  
  47  4:05  Probe  
  49  4:13  Probe  
  49  4:15  Probe  
  50  4:19  Gateway  
  50  4:20  Pylon  
  50  4:21  Gateway, Probe  
  51  4:27  Probe  
  51  4:29  Warp Prism  
  53  4:32  Probe  
  53  4:35  Templar Archives  
  56  4:39  Pylon, Probe  
  56  4:42  Adept  
  59  4:58  Nexus  
  59  5:03  Pylon  
  59  5:10  Probe  
  59  5:12  Forge  
  60  5:18  Observer  
  60  5:25  Gateway  
  60  5:26  High Templar x3, Protoss Ground Weapons Level 1  
  60  5:27  Gateway, High Templar  
  69  5:29  Immortal  
  69  5:30  Archon x2  
  69  5:33  Probe x2  
  71  5:38  Pylon  
  75  5:45  Probe  
  75  5:49  Probe  
  77  5:58  Immortal  
  77  6:01  Probe  
  78  6:10  Probe  
  83  6:16  Probe x2  
  85  6:22  Gateway  
  85  6:23  Gateway, Probe, Sentry x3  
  85  6:25  Pylon  
  92  6:31  Zealot  
  92  6:32  Zealot x2  
  98  6:33  Probe x2  
  98  6:34  Observer  
  98  6:35  Probe  
  101  6:44  Assimilator  
  101  6:45  Probe x2  
  103  6:48  Assimilator  
  103  6:50  Probe  
  103  6:51  Zealot x2  
  108  6:55  Pylon  
  108  6:56  Pylon  
  108  6:58  Pylon  
  108  7:07  Charge  
  108  7:12  Pylon  
  108  7:13  Immortal  
  108  7:14  Pylon, Zealot x2  
  108  7:15  Zealot x3  
  122  7:18  Sentry x2  
  122  7:19  Protoss Ground Weapons Level 2  
  126  7:37  Zealot x6  
  126  7:38  Psionic Storm  
  138  7:46  Immortal  
  138  7:52  Probe x2  
  144  8:04  Photon Cannon  
  142  8:06  Photon Cannon  
  142  8:08  Photon Cannon, High Templar x2  
  142  8:10  Shield Battery  
  142  8:12  Robotics Facility  
  146  8:15  Immortal  
  146  8:31  High Templar  
  148  8:40  Pylon  
  148  8:48  Photon Cannon  
  148  8:50  Photon Cannon  
  148  8:52  Photon Cannon x2  
  148  8:54  Photon Cannon, Pylon  
  148  8:57  Shield Battery  
  148  8:58  Immortal  
  148  9:00  Pylon  
  148  9:02  Pylon  
  152  9:08  Zealot x2  
  156  9:12  Warp Prism  
  156  9:13  High Templar x4  
  146  9:33  Pylon  
  146  9:38  Immortal, Zealot  
  146  9:39  Sentry x2  
  146  9:40  Zealot  
  148  9:46  Archon  
  148  9:47  High Templar  
  148  9:48  High Templar  
  148  9:54  Immortal  
  152  10:01  Nexus  
  152  10:02  Protoss Ground Weapons Level 3  
  152  10:04  High Templar  
  153  10:08  Probe x2  
  155  10:29  High Templar  
  155  10:32  Probe  
  152  10:36  High Templar  
  152  10:41  Zealot x6  
  154  10:50  Immortal x2  
  154  10:59  Pylon  
  153  11:04  Stargate  
  149  11:13  Zealot  
  149  11:22  High Templar x2  
  149  11:23  Zealot  
  149  11:24  Zealot x4  
  155  11:37  Fleet Beacon  
  155  11:42  Nexus  
  155  11:43  Pylon  
  153  11:48  Zealot x5  
  163  11:54  Immortal x2  
  167  12:14  Nexus  
  159  12:20  Zealot  
  159  12:21  Zealot x5  
  165  12:24  Immortal  
  165  12:27  High Templar x2, Tempest  
  165  12:29  Mothership  
  167  12:37  Tempest  
  185  12:59  Assimilator  
  185  13:03  Immortal  
  185  13:04  Assimilator  
  167  13:20  High Templar, Tempest  
  167  13:21  Zealot x5, High Templar  
  167  13:25  Archon  
  176  13:38  Photon Cannon, Pylon  
  176  13:41  Shield Battery, Tempest  
  176  13:43  High Templar  
  176  13:44  High Templar  
  176  13:47  Archon  
  180  13:53  Tempest  
  190  14:11  Pylon  
  190  14:16  Stargate  
  183  14:25  Tempest  
  183  14:31  Tempest  
  179  14:53  High Templar x4  
  179  14:57  Pylon, Archon x2  
  187  15:01  Oracle  
  187  15:07  Zealot x2  
  189  15:10  Gateway, Probe x4  
  189  15:13  Gateway  
  198  15:14  Gateway  
  198  15:22  Probe  
  116  15:53  Tempest  
  116  15:54  Tempest x2  
  127  16:00  Stalker x2  
  97  16:29  Tempest  
  78  16:41  Stalker x2  
  78  16:42  Stalker x3  
  78  16:44  Probe x2  
  78  16:45  Probe  
  91  16:48  Blink  
  91  16:55  Probe  
  91  16:56  Probe x2  
  89  17:32  Stalker x3  
  95  18:08  Stalker  
  95  18:09  Stalker x2  
Show
View Real Time Build Order
Export as new Build Order

PiG Zerg - Winner!

Build Orders: Hatch First, Brood Lord Corruptor, Swarm Host 

Get SALT Encoding   

  12  0:02  Drone  
  13  0:13  Overlord  
  13  0:17  Drone  
  14  0:31  Drone  
  14  0:32  Drone  
  16  0:36  Drone  
  17  0:52  Hatchery  
  17  0:55  Drone  
  17  0:57  Drone  
  18  1:08  Extractor  
  17  1:13  Spawning Pool  
  17  1:15  Drone  
  17  1:20  Drone  
  18  1:33  Drone  
  19  1:41  Overlord  
  19  1:57  Drone  
  20  2:02  Queen  
  20  2:03  Zergling x2  
  20  2:04  Queen  
  20  2:05  Zergling x2  
  26  2:11  Metabolic Boost  
  26  2:20  Drone x2  
  28  2:32  Hatchery  
  28  2:35  Drone  
  28  2:43  Zergling x2  
  28  2:44  Drone  
  30  2:52  Overlord  
  30  2:54  Drone x2  
  30  2:58  Queen  
  34  3:00  Drone  
  34  3:02  Drone  
  36  3:10  Overlord  
  36  3:11  Drone  
  37  3:23  Drone  
  37  3:26  Drone  
  38  3:27  Drone x2  
  38  3:28  Drone  
  38  3:31  Zergling x2  
  41  3:35  Drone x2  
  41  3:40  Spore Crawler  
  42  3:42  Drone  
  42  3:44  Drone  
  44  3:50  Drone  
  45  3:56  Drone x2  
  45  3:57  Spore Crawler  
  45  3:59  Drone  
  45  4:00  Drone  
  45  4:02  Overlord  
  48  4:03  Drone x2  
  48  4:05  Spore Crawler  
  48  4:06  Drone x2  
  48  4:09  Drone x2  
  53  4:14  Drone  
  53  4:15  Drone  
  55  4:21  Overlord  
  55  4:22  Drone  
  56  4:25  Drone, Spore Crawler, Extractor  
  53  4:37  Queen  
  53  4:38  Drone x7  
  63  4:40  Lair  
  63  4:41  Roach Warren  
  63  4:43  Extractor x2  
  63  4:44  Extractor  
  59  4:48  Queen  
  61  4:54  Drone x3  
  61  4:55  Drone  
  61  4:56  Drone  
  61  4:57  Drone  
  67  5:02  Overlord x2  
  67  5:03  Overlord x2  
  67  5:07  Drone  
  68  5:13  Overlord  
  67  5:22  Overlord  
  67  5:27  Drone x2  
  67  5:28  Drone x3, Extractor, Evolution Chamber  
  70  5:38  Glial Reconstitution  
  70  5:40  Roach x9  
  70  5:41  Overseer  
  88  5:45  Overseer  
  88  5:46  Roach  
  88  5:47  Roach  
  92  5:53  Infestation Pit  
  91  6:04  Roach x3  
  95  6:16  Queen  
  95  6:18  Queen  
  95  6:19  Queen  
  95  6:20  Zerg Missile Weapons Level 1  
  95  6:22  Roach x3  
  95  6:24  Overlord x2  
  105  6:46  Swarm Host x4, Overlord x2  
  117  6:59  Overlord x2  
  117  7:01  Drone x3  
  117  7:02  Drone x3  
  117  7:03  Extractor  
  117  7:07  Overlord x2  
  121  7:14  Hatchery  
  120  7:17  Swarm Host x5  
  135  7:23  Swarm Host  
  135  7:24  Overlord  
  135  7:25  Overlord  
  138  7:34  Spine Crawler  
  138  7:35  Spine Crawler  
  138  7:36  Roach x9  
  153  7:39  Ravager  
  153  7:44  Roach x3  
  160  7:51  Ravager  
  160  7:53  Ravager  
  162  8:00  Ravager  
  163  8:14  Swarm Host x3  
  172  8:26  Swarm Host x3  
  181  8:35  Drone x2, Extractor  
  182  8:41  Extractor, Ravager  
  182  8:42  Zergling x10, Ravager x2  
  182  8:43  Zergling x16  
  197  8:58  Spine Crawler x2  
  197  9:00  Spine Crawler x2  
  189  9:04  Zerg Missile Weapons Level 2  
  170  9:30  Ravager  
  174  9:31  Roach x12  
  174  9:34  Roach x3  
  192  9:50  Drone x3  
  192  9:51  Drone x3  
  192  9:52  Hive  
  192  9:55  Spire, Queen  
  193  10:04  Swarm Host  
  193  10:05  Swarm Host, Spore Crawler  
  193  10:06  Spine Crawler  
  197  10:27  Ravager  
  193  10:33  Roach  
  193  10:34  Roach x2  
  187  11:10  Greater Spire  
  185  11:14  Evolution Chamber  
  176  11:20  Zerg Melee Weapons Level 1  
  176  11:23  Ravager x2  
  176  11:24  Zergling x2, Roach x10  
  183  11:55  Zerg Ground Armor Level 1  
  172  12:05  Ravager  
  169  12:29  Spine Crawler  
  165  12:31  Spine Crawler  
  165  12:33  Drone x2  
  165  12:34  Drone x2  
  165  12:36  Drone x2  
  167  12:40  Drone x2, Spine Crawler  
  167  12:41  Spine Crawler  
  167  12:42  Spine Crawler  
  167  12:43  Spine Crawler  
  165  12:44  Corruptor x8  
  163  12:52  Pathogen Glands  
  163  12:53  Swarm Host x6  
  163  12:56  Roach  
  163  12:57  Ravager  
  184  13:02  Zerg Flyer Weapons Level 1  
  184  13:03  Baneling Nest  
  167  13:21  Brood Lord  
  167  13:22  Brood Lord x7  
  183  13:27  Zerg Melee Weapons Level 2  
  183  13:32  Hydralisk Den  
  183  13:33  Drone x7  
  183  13:34  Drone  
  190  14:01  Zergling x4, Centrifical Hooks  
  192  14:02  Zerg Ground Armor Level 2  
  192  14:10  Overlord  
  190  14:30  Corruptor x10  
  184  14:58  Corruptor x5  
  194  15:01  Zerg Flyer Armor Level 1  
  194  15:04  Adrenal Glands  
  194  15:16  Pneumatized Carapace  
  194  15:17  Overseer  
  194  15:18  Overseer x2  
  194  15:19  Overseer  
  129  15:52  Roach x7  
  129  15:54  Zergling x34  
  153  15:57  Zergling x4  
  153  16:02  Brood Lord  
  154  16:07  Zergling x4  
  156  16:14  Brood Lord  
  139  16:19  Brood Lord  
  125  16:41  Hatchery  
  122  17:14  Hatchery  
  110  17:39  Brood Lord x3  
  110  17:40  Brood Lord  
  118  18:02  Roach x6  
  130  18:19  Extractor  
  129  18:23  Drone  
  128  18:30  Corruptor x3  
  129  18:43  Roach x2  
  133  18:49  Roach x2  
Tags
 
Add a new tag
Caveats
  • Supply blocks, unpowered buildings, or Contaminate may cause inaccurate times.
  • Supply counts are checked every 10 seconds.